 Dungeon Crawl Stone Soup version 0.25-a0-603-g0321be95db (webtiles) character file.

Game seed: 9529639450766207281, levelgen mode: classic

783 EnegeticOcto the Cleaver (level 7, -1/63 HPs)
             Began as a Minotaur Gladiator on Mar 16, 2020.
             Was a Believer of Okawaru.
             Slain by a hornet (7 damage)
             ... on level 5 of the Dungeon.
             The game lasted 00:03:22 (5519 turns).

EnegeticOcto the Cleaver (Minotaur Gladiator)       Turns: 5519, Time: 00:03:23

Health: -1/63      AC:  7    Str: 21    XL:     7   Next: 55%
Magic:  4/6        EV: 13    Int:  5    God:    Okawaru [**....]
Gold:   307        SH:  0    Dex: 11    Spells: 6/6 levels left

rFire    . . .     SeeInvis .   a - +0 war axe
rCold    . . .     Gourm    .   (no shield)
rNeg     . . .     Faith    .   q - +0 scale mail
rPois    .         Spirit   .   c - +0 hat
rElec    .         Reflect  .   (no cloak)
rCorr    .         Harm     .   (no gloves)
MR       .....                  (no boots)
Stlth    +.........             (no amulet)
HPRegen  0.20/turn              (no ring)
MPRegen  0.10/turn              (no ring)

@: heroism, slowed, very slow
A: retaliatory headbutt, horns 2
a: Heroism, Renounce Religion


You were on level 5 of the Dungeon.
You worshipped Okawaru.
Okawaru was pleased with you.
You were very hungry.

You visited 1 branch of the dungeon, and saw 5 of its levels.

You collected 307 gold pieces.

Inventory:

Hand Weapons
 a - a +0 war axe (weapon)
Missiles
 m - 9 poisoned darts (quivered)
Armour
 c - a +0 hat (worn)
 q - a +0 scale mail (worn)
Scrolls
 b - 2 scrolls of identify {@r1}
 g - a scroll of immolation
 h - 3 scrolls of remove curse {@r2}
 i - 3 scrolls of teleportation {@r3 !r}
 o - a scroll of fear {!r}
Potions
 k - 3 potions of resistance
 l - 3 potions of flight
Comestibles
 e - 11 rations


   Skills:
 + Level 6.2(11.2) Fighting
 * Level 9.1(14.1) Axes
 - Level 2.0(7.0) Throwing
 - Level 3.2(8.2) Dodging


You had 6 spell levels left.
You didn't know any spells.
Your spell library was empty.

Dungeon Overview and Level Annotations

Branches:
Dungeon (5/15)             Temple (0/1) D:4

Altars:
Dithmenos
Nemelex Xobeh
Okawaru
Ru
Sif Muna
The Shining One

Annotations:
D:2 1 runed translucent door, Crazy Yiuf


Innate Abilities, Weirdness & Mutations

You reflexively headbutt those who attack you in melee.
You have a pair of horns on your head.


Message History

The hornet stings you!
You feel as though you will be slow longer.
You are too injured to fight recklessly!
You are too injured to fight recklessly!
You are too injured to fight recklessly!
You are too injured to fight recklessly!
You are too injured to fight recklessly!
You are too injured to fight recklessly!
You are too injured to fight recklessly!
You are too injured to fight recklessly!
You are too injured to fight recklessly!
You are too injured to fight recklessly!
You are too injured to fight recklessly!
You are too injured to fight recklessly!
You don't know any spells.
Really quaff
j - 4 potions of curing {@q1 !q}? [Y]es or [N]o only, please.
Really quaff
j - 4 potions of curing {@q1 !q}?
Okay, then.
Throwing (i - inventory. (/) - cycle)
d - 3 throwing nets (quivered)
{!f}
Press: ? - help, Shift-Dir - straight line, f - hornet
Aim: a hornet Really fire
d - 3 throwing nets {!f}?
You throw a throwing net {!f}. The throwing net {!f} hits the hornet.
The hornet is caught in the net!
The hornet struggles against the net. x2
You hit the hornet.
The hornet is lightly wounded.
The hornet struggles against the net. x3
The net rips apart, and the hornet comes free!
Throwing (i - inventory. (/) - cycle)
d - 2 throwing nets (quivered)
{!f}
Press: ? - help, Shift-Dir - straight line, f/p - hornet
Aim: a hornet (lightly wounded) Really fire
d - 2 throwing nets {!f}?
You throw a throwing net {!f}.
The throwing net {!f} barely misses the hornet.
The hornet stings you but does no damage.
The hornet closely misses you.
Throwing (i - inventory. (/) - cycle)
d - a throwing net (quivered)
{!f}
Press: ? - help, Shift-Dir - straight line, f/p - hornet
Aim: a hornet (lightly wounded) Really fire
d - a throwing net {!f}?
You throw a throwing net {!f}.
The throwing net {!f} misses the hornet.
The hornet completely misses you. The hornet barely misses you.
Throwing (i - inventory)
m - 12 poisoned darts (quivered)
Press: ? - help, Shift-Dir - straight line, f/p - hornet
Aim: a hornet (lightly wounded)
You throw a poisoned dart.
The poisoned dart closely misses the hornet.
The hornet stings you but does no damage.
The hornet barely misses you.
Throwing (i - inventory)
m - 11 poisoned darts (quivered)
Press: ? - help, Shift-Dir - straight line, f/p - hornet
Aim: a hornet (lightly wounded)
You throw a poisoned dart.
The poisoned dart barely misses the hornet.
The hornet stings you!
You are poisoned.
You feel as though you will be slow longer.
The hornet stings you.
* * * LOW HITPOINT WARNING * * *
You feel as though you will be slow longer.
Really quaff
j - 4 potions of curing {@q1 !q}?
You feel better. The hornet misses you.
The hornet stings you but does no damage.
Really quaff
j - 3 potions of curing {@q1 !q}?
You feel better. The hornet stings you.
You are poisoned.
You suddenly lose the ability to move!
The hornet stings you!
* * * LOW HITPOINT WARNING * * *
You are lethally poisoned!
You feel as though you will be slow longer.
* * * LOW HITPOINT WARNING * * *
You feel sick. The hornet barely misses you.
You can move again.
Really quaff
j - 2 potions of curing {@q1 !q}?
You feel better. The hornet stings you!
* * * LOW HITPOINT WARNING * * *
You shrug off the repeated paralysis!
The hornet closely misses you. The hornet stings you.
* * * LOW HITPOINT WARNING * * *
You are lethally poisoned!
You feel as though you will be slow longer.
Really quaff
j - a potion of curing {@q1 !q}?
You feel better. The hornet stings you.
* * * LOW HITPOINT WARNING * * *
You feel as though you will be slow longer.
The hornet closely misses you.
You gain the combat prowess of a mighty hero.
The hornet barely misses you. The hornet stings you!
* * * LOW HITPOINT WARNING * * *
You feel as though you will be slow longer.
Throwing (i - inventory)
m - 10 poisoned darts (quivered)
Press: ? - help, Shift-Dir - straight line, f/p - hornet
Aim: a hornet (lightly wounded)
You throw a poisoned dart. The poisoned dart hits the hornet!
The hornet is poisoned.
The hornet is lightly wounded.
The hornet stings you!
You die...

..# #.# ## !## #.# .#
#.# ####### .# #.#
....... .## #.# .......
..###.### .......
........# .......
#.###.#.#########y......
....#.#.#.......@.......
#...#.#.#..........#####
##..#.#............#
##..#.###..........#
....#.# ########.#.#
.##...# ..#.# .# #....#
###.# ## ..#.# .# ..# #


You could see a hornet.

Vanquished Creatures
  A phantom (D:4)
  2 ogres
  A scorpion (D:5)
  A howler monkey (D:4)
  A crimson imp (D:5)
  A centaur zombie (D:5)
  A hound (D:4)
  An orc wizard (D:4)
  6 worker ants
  5 gnolls
  3 adders
  An adder skeleton (D:4)
  An adder zombie (D:5)
  3 worms
  3 dart slugs
  4 leopard geckos
  3 orcs
  7 giant cockroaches
  3 goblins
  9 hobgoblins
  6 jackals (D:4)
  7 kobolds
  2 quokkas
  6 bats
  2 frilled lizards (D:3)
  6 rats
86 creatures vanquished.

Notes
Turn   | Place    | Note
-------+----------+-------------------------------------------
     0 | D:1      | EnegeticOcto the Minotaur Gladiator began the quest for the
                  | Orb.
     0 | D:1      | Reached XP level 1. HP: 18/18 MP: 0/0
   124 | D:1      | Reached skill level 4 in Axes
   419 | D:1      | Reached XP level 2. HP: 25/25 MP: 1/1
  1073 | D:1      | Reached XP level 3. HP: 20/31 MP: 2/2
  1380 | D:2      | Reached skill level 5 in Axes
  1560 | D:2      | Reached XP level 4. HP: 34/39 MP: 3/3
  2021 | D:2      | Found a runed translucent door.
  2022 | D:2      | Noticed Crazy Yiuf
  2503 | D:3      | Reached skill level 6 in Axes
  2899 | D:3      | Reached XP level 5. HP: 31/46 MP: 4/4
  3244 | D:3      | Found an iron altar of Okawaru.
  3257 | D:3      | Became a worshipper of Warmaster Okawaru
  3491 | D:3      | Found a sacrificial altar of Ru.
  3652 | D:3      | Found a glowing golden altar of the Shining One.
  3974 | D:4      | Noticed a phantom
  3987 | D:4      | Killed a phantom
  3987 | D:4      | Reached skill level 7 in Axes
  3987 | D:4      | Reached XP level 6. HP: 51/53 MP: 5/5
  4034 | D:4      | Found a staircase to the Ecumenical Temple.
  4139 | D:4      | Reached * piety under Okawaru
  4139 | D:4      | Reached skill level 5 in Fighting
  4350 | D:4      | Found a sparkling altar of Nemelex Xobeh.
  4503 | D:4      | Found a shimmering blue altar of Sif Muna.
  4508 | D:4      | Reached skill level 8 in Axes
  4607 | D:4      | Reached XP level 7. HP: 57/61 MP: 6/6
  4817 | D:5      | Entered Level 5 of the Dungeon
  5034 | D:5      | Found a shadowy altar of Dithmenos.
  5096 | D:5      | Identified the cursed +2 spear of the Ghost {freeze, Str+4}
                  | (You found it on level 5 of the Dungeon)
  5128 | D:5      | Reached ** piety under Okawaru
  5131 | D:5      | Reached skill level 9 in Axes
  5503 | D:5      | Noticed a hornet
  5514 | D:5      | Paralysed by a hornet for 2 turns
  5519 | D:5      | Slain by a hornet

Levels and vault maps discovered:
D:1:      evilmike_arrival_sounds_zot, layout_basic
D:2:      layout_loops_ring, minmay_goblin_kobold_house, uniq_crazy_yiuf_cottage
D:3:      cheibrodos_helix_gallery, layout_basic,
          nicolae_overflow_crystal_walls, okawaru_gym_becter, first_ration,
          hangedman_ru_absence
D:4:      layout_loops_corners, kennysheep_little_box, kennysheep_mini_moat,
          temple_green
D:5:      layout_basic, nicolae_dithmenos_the_darkroom

Skill      XL: |  1  2  3  4  5  6  7 |
---------------+----------------------+-----
Axes           | 4 5 6 7 8 9 |  9.1
Fighting       | 3 4 5 6 |  6.2
Throwing       | |  2.0
Dodging        | |  3.2

Action                   |  1- 3 |  4- 6 |  7- 9 || total
-------------------------+-------+-------+-------++-------
Melee: War axe           |    50 |   124 |    42 ||   216
       Headbutt          |     6 |    25 |     7 ||    38
Throw: Dart              |       |       |     3 ||     3
       Throwing net      |       |       |     3 ||     3
Invok: Heroism           |       |       |     1 ||     1
  Use: Scroll            |       |    11 |     2 ||    13
       Potion            |       |       |     4 ||     4
  Eat: Chunk             |     2 |    10 |     1 ||    13
Armor: Leather armour    |    12 |     1 |       ||    13
       Ring mail         |       |    13 |       ||    13
       Scale mail        |       |    22 |    15 ||    37
Dodge: Dodged            |    52 |    78 |    28 ||   158

Table legend:
 A = Non-vault XP
 B = Vault XP
 C = Vault XP percentage of total XP
 D = Non-vault monster count
 E = Vault monster count
 F = Vault count percentage of total count
                 A         B        C        D         E       F
            +---------+---------+-------+---------+---------+-------
      Total |    1097 |      22 |   2.0 |      82 |       4 |   4.7
            +---------+---------+-------+---------+---------+-------
        D:1 |      62 |       0 |   0.0 |      13 |       0 |   0.0
        D:2 |      91 |       4 |   4.2 |      28 |       2 |   6.7
        D:3 |      52 |      18 |  25.7 |      10 |       2 |  16.7
        D:4 |     529 |       0 |   0.0 |      22 |       0 |   0.0
        D:5 |     363 |       0 |   0.0 |       9 |       0 |   0.0
            +---------+---------+-------+---------+---------+-------
